[Event "Fagernes Chess GM-Swiss 2025"]
[Site "Fagernes"]
[Date "2025.04.15"]
[Round "3.16"]
[White "Torfoss, Sivert Schanche"]
[Black "Dotzer, Lukas"]
[Result "0-1"]
[Annotator "RC"]
[ECO "D02"]
[WhiteElo "2141"]
[BlackElo "2453"]
[PlyCount "110"]
[EventDate "2025.04.12"]
[EventCountry "NOR"]
[SourceTitle "playchess.com"]
[Source "ChessBase"]
[SourceQuality "1"]
[TimeControl "40/6000+30:2400+30"]

1. Nf3 d5 2. g3 Nd7 3. d4 Nb6 4. Bg2 Bf5 5. O-O e6 6. Nbd2 Be7 7. c4 c6 8. Qb3 dxc4 9. Nxc4 Nxc4 10. Qxc4 Be4 11. Bf4 Nf6 12. a4 a5 13. Qb3 Bb4 14. Be5 O-O 15. Qe3 Qd5 16. Bxf6 gxf6 17. Qf4 Qf5 18. Qe3 Bd5 19. Rac1 Rfc8 20. Nh4 Qh5 21. Qf4 Qxe2 22. Qxf6 Bf8 23. Rce1 Qg4 24. Bf3 Qg7 25. Qf4 Bb4 26. Rc1 Bb3 27. Bd1 Bd5 28. Bc2 Rd8 29. Rfd1 Be7 30. Nf3 Bxf3 31. Qxf3 Bf6 32. b3 Bxd4 33. Re1 Rd5 34. Be4 Rd6 35. Bb1 Qh6 36. Rcd1 Rad8 37. Bc2 e5 38. Re4 Bxf2+ 39. Kg2 Rd2 40. Rg4+ Kf8 41. Rh4 Qe3 42. Rxd2 Rxd2 43. Qxe3 Bxe3+ 44. Kf3 Rxc2 45. Kxe3 Rc3+ 46. Ke4 Rxb3 47. Kxe5 Rb4 48. Rxh7 Kg8 49. Rh5 Rxa4 50. Kf6 Ra3 51. Rg5+ Kf8 52. Rf5 a4 53. g4 b5 54. h4 Rd3 55. Rh5 Rd6+ 0-1

[Event "Fagernes Chess GM-Swiss 2025"]
[Site "Fagernes"]
[Date "2025.04.15"]
[Round "3.17"]
[White "Zhou, Yang-Fan"]
[Black "Ostensen, Nicolai Maxime"]
[Result "1-0"]
[Annotator "RC"]
[ECO "C55"]
[WhiteElo "2418"]
[BlackElo "2260"]
[PlyCount "85"]
[EventDate "2025.04.12"]
[EventCountry "NOR"]
[SourceTitle "playchess.com"]
[Source "ChessBase"]
[SourceQuality "1"]
[TimeControl "40/6000+30:2400+30"]

1. e4 e5 2. Nf3 Nc6 3. Bc4 Nf6 4. d3 h6 5. c3 d6 6. O-O g5 7. a4 Bg7 8. Nbd2 O-O 9. a5 a6 10. Re1 g4 11. Nh4 Nxe4 12. dxe4 Qxh4 13. Nf1 Be6 14. Qb3 Bxc4 15. Qxc4 Rac8 16. Ng3 Qf6 17. Qe2 Qg6 18. Be3 Ne7 19. Ra4 h5 20. Rb4 f5 21. exf5 Nxf5 22. Qc4+ Kh8 23. Nxf5 Qxf5 24. Rxb7 c6 25. Qxa6 h4 26. Qe2 h3 27. Rb4 e4 28. g3 Be5 29. a6 Ra8 30. a7 c5 31. Ra4 Rfc8 32. Qc4 Rc7 33. Qxe4 Qxe4 34. Rxe4 Raxa7 35. Rxg4 Ra2 36. Bc1 Bf6 37. Rg6 Re7 38. Kf1 Ra1 39. Rxf6 Rxe1+ 40. Kxe1 Rxc1+ 41. Kd2 Rb1 42. Rxd6 Rxb2+ 43. Ke3 1-0

[Event "Fagernes Chess GM-Swiss 2025"]
[Site "Fagernes"]
[Date "2025.04.15"]
[Round "3.18"]
[White "Verbin, Valentina"]
[Black "Miezis, Normunds"]
[Result "0-1"]
[Annotator "RC"]
[ECO "B41"]
[WhiteElo "2113"]
[BlackElo "2409"]
[PlyCount "78"]
[EventDate "2025.04.12"]
[EventCountry "NOR"]
[SourceTitle "playchess.com"]
[Source "ChessBase"]
[SourceQuality "1"]
[TimeControl "40/6000+30:2400+30"]

1. e4 c5 2. Nf3 e6 3. d4 cxd4 4. Nxd4 a6 5. c4 Nf6 6. Nc3 Bb4 7. Qd3 O-O 8. e5 Ne8 9. Bf4 d6 10. exd6 Bxd6 11. Bxd6 Qxd6 12. O-O-O Nd7 13. Qg3 Qxg3 14. hxg3 Nef6 15. f3 Re8 16. g4 h6 17. Re1 Nf8 18. Bd3 Rd8 19. Rd1 Rxd4 20. Bh7+ N8xh7 21. Rxd4 Bd7 22. Rhd1 Nf8 23. b4 Rc8 24. Re1 Ng6 25. f4 Rc7 26. g5 hxg5 27. fxg5 Nh7 28. Kb2 Nxg5 29. b5 Nf8 30. Red1 f5 31. a4 Nf7 32. a5 Be8 33. Kb3 g5 34. g4 f4 35. Ne4 Kg7 36. b6 Re7 37. Nc5 e5 38. R4d2 e4 39. Re2 e3 0-1

[Event "Fagernes Chess GM-Swiss 2025"]
[Site "Fagernes"]
[Date "2025.04.15"]
[Round "3.19"]
[White "Vestby-Ellingsen, Mads"]
[Black "Khoo-Thwe, Louis"]
[Result "1-0"]
[Annotator "RC"]
[ECO "C54"]
[WhiteElo "2398"]
[BlackElo "2118"]
[PlyCount "107"]
[EventDate "2025.04.12"]
[EventCountry "NOR"]
[SourceTitle "playchess.com"]
[Source "ChessBase"]
[SourceQuality "1"]
[TimeControl "40/6000+30:2400+30"]

1. e4 e5 2. Nf3 Nc6 3. Bc4 Bc5 4. c3 Nf6 5. d4 exd4 6. b4 Be7 7. b5 Na5 8. Bd3 d5 9. e5 Ne4 10. cxd4 Bf5 11. O-O Qd7 12. Ne1 c5 13. bxc6 Nxc6 14. f3 Nxd4 15. fxe4 dxe4 16. Bc2 Rc8 17. Na3 Bg4 18. e6 Qxe6 19. Qxd4 Bc5 20. Qxc5 Rxc5 21. Bb3 Qe5 22. Nec2 O-O 23. Be3 Rcc8 24. Bxa7 Be6 25. Bd4 Qd6 26. Rae1 Bxb3 27. axb3 Qd5 28. Nc4 Rcd8 29. Bb6 Rd7 30. Nd4 Re8 31. Rf5 Qxd4+ 32. Bxd4 Rxd4 33. Rb5 Re7 34. Ne3 g6 35. Kf2 Red7 36. Nc4 f5 37. Ra1 Re7 38. Ra7 e3+ 39. Ke2 Rf4 40. Re5 Rxe5 41. Nxe5 Rf2+ 42. Kxe3 Rxg2 43. h4 Kg7 44. Rxb7+ Kf6 45. Nf3 h6 46. Rb6+ Ke7 47. h5 gxh5 48. Rxh6 Rb2 49. Nd4 Rh2 50. Nxf5+ Kd7 51. Kd3 Kc7 52. Kc4 Rh1 53. b4 Kb7 54. Kb5 1-0

[Event "Fagernes Chess GM-Swiss 2025"]
[Site "Fagernes"]
[Date "2025.04.15"]
[Round "3.20"]
[White "Aradhya, Garg"]
[Black "Skotheim, Andreas"]
[Result "1-0"]
[Annotator "RC"]
[ECO "A46"]
[WhiteElo "2387"]
[BlackElo "2229"]
[PlyCount "147"]
[EventDate "2025.04.12"]
[EventCountry "NOR"]
[SourceTitle "playchess.com"]
[Source "ChessBase"]
[SourceQuality "1"]
[TimeControl "40/6000+30:2400+30"]

1. d4 Nf6 2. Nf3 e6 3. Bg5 h6 4. Bxf6 Qxf6 5. e4 g5 6. Nc3 d6 7. e5 dxe5 8. Ne4 Qe7 9. Nxe5 Bg7 10. h4 Bxe5 11. dxe5 Qb4+ 12. Nc3 Qxb2 13. Rh3 g4 14. Bb5+ Bd7 15. Rd3 Bxb5 16. Rb1 Qxb1 17. Qxb1 Bc6 18. Nb5 Na6 19. g3 Ke7 20. Nd4 Be4 21. Re3 Bg2 22. f3 gxf3 23. Nxf3 Nc5 24. Qb4 b6 25. Qf4 Rad8 26. Re2 Bxf3 27. Qf6+ Kd7 28. Qxf7+ Kc8 29. Qxf3 Kb8 30. Qe3 h5 31. Rd2 Rdg8 32. Rd4 Rg7 33. Qf3 Rhg8 34. Qxh5 Rxg3 35. Rf4 Kb7 36. Kd2 Rd8+ 37. Kc1 a5 38. Qe2 Rdg8 39. h5 Kb8 40. Rh4 Rg2 41. Qf3 R8g3 42. Qc6 Rf2 43. Rd4 Rg8 44. Kb2 Rh2 45. Rc4 Rxh5 46. Rxc5 bxc5 47. Qxe6 Rgh8 48. Qe7 Kc8 49. e6 Rd8 50. Qf7 Rhh8 51. e7 Rde8 52. Qf5+ Kb7 53. Qxc5 c6 54. Qd6 Rb8 55. c4 Rbg8 56. Kb3 Ra8 57. Ka4 Rhg8 58. c5 Rac8 59. Kxa5 Ra8+ 60. Kb4 Rac8 61. Kc3 Ka6 62. a4 Rh8 63. Qd7 Rhg8 64. Kd4 Ka5 65. Qa7+ Kb4 66. a5 Rb8 67. a6 Kb5 68. Ke5 Rh8 69. Kd6 Rhg8 70. Kd7 Rh8 71. Qxb8+ Rxb8 72. a7 Rb7+ 73. Kd6 Rxa7 74. e8=Q 1-0

[Event "Fagernes Chess GM-Swiss 2025"]
[Site "Fagernes"]
[Date "2025.04.15"]
[Round "3.21"]
[White "Holand, Per Fredrik"]
[Black "Grave, Jacob Templen"]
[Result "0-1"]
[Annotator "RC"]
[ECO "E06"]
[WhiteElo "2070"]
[BlackElo "2337"]
[PlyCount "80"]
[EventDate "2025.04.12"]
[EventCountry "NOR"]
[SourceTitle "playchess.com"]
[Source "ChessBase"]
[SourceQuality "1"]
[TimeControl "40/6000+30:2400+30"]

1. c4 e6 2. Nf3 d5 3. g3 Nf6 4. Bg2 Be7 5. O-O O-O 6. d4 c6 7. Nbd2 b6 8. Qc2 Bb7 9. e4 Na6 10. e5 Nd7 11. cxd5 Nb4 12. Qe4 cxd5 13. Qg4 Ba6 14. Nb3 Kh8 15. Rd1 Be2 16. Rd2 Bc4 17. Rd1 Nxa2 18. Nfd2 Nxc1 19. Nxc1 Bb5 20. f4 g6 21. Qf3 a5 22. Nf1 Nb8 23. Ne3 Nc6 24. h4 f6 25. Qg4 f5 26. Qf3 h5 27. Ne2 Nb4 28. Kh2 Qd7 29. Ng1 Kg7 30. Nh3 Rfc8 31. Rac1 Rxc1 32. Rxc1 Rc8 33. Rxc8 Qxc8 34. Bf1 Qa6 35. Bxb5 Qxb5 36. Nf2 Nc6 37. g4 Nxd4 38. Qg2 hxg4 39. Nfxg4 fxg4 40. f5 exf5 0-1

[Event "Fagernes Chess GM-Swiss 2025"]
[Site "Fagernes"]
[Date "2025.04.15"]
[Round "3.22"]
[White "Adharsh K"]
[Black "Stromhaug, Kristoffer Wang"]
[Result "1-0"]
[Annotator "RC"]
[ECO "B38"]
[WhiteElo "2317"]
[BlackElo "2020"]
[PlyCount "63"]
[EventDate "2025.04.12"]
[EventCountry "NOR"]
[SourceTitle "playchess.com"]
[Source "ChessBase"]
[SourceQuality "1"]
[TimeControl "40/6000+30:2400+30"]

1. e4 c5 2. Nf3 g6 3. d4 cxd4 4. Nxd4 Bg7 5. c4 Nc6 6. Be3 Qb6 7. Nb3 Qd8 8. Nd4 Qb6 9. Nb3 Qd8 10. Qd2 Nf6 11. f3 d6 12. Be2 O-O 13. O-O Be6 14. Nc3 Nd7 15. Nd5 f5 16. exf5 Bxf5 17. Rad1 Nde5 18. Kh1 Rc8 19. Rfe1 Kh8 20. Nd4 Nxd4 21. Bxd4 b6 22. b3 Qe8 23. f4 Nc6 24. Bxg7+ Kxg7 25. Bf3 Qf7 26. Qc3+ e5 27. fxe5 dxe5 28. Rxe5 Nxe5 29. Qxe5+ Kh6 30. g4 g5 31. gxf5 Qxf5 32. Qxf5 1-0

[Event "Fagernes Chess GM-Swiss 2025"]
[Site "Fagernes"]
[Date "2025.04.15"]
[Round "3.23"]
[White "Myagmarsuren, Evsuld"]
[Black "Kittilsen, Sigurd"]
[Result "1/2-1/2"]
[Annotator "RC"]
[ECO "B90"]
[WhiteElo "2305"]
[BlackElo "2010"]
[PlyCount "89"]
[EventDate "2025.04.12"]
[EventCountry "NOR"]
[SourceTitle "playchess.com"]
[Source "ChessBase"]
[SourceQuality "1"]
[TimeControl "40/6000+30:2400+30"]

1. e4 c5 2. Nf3 d6 3. d4 cxd4 4. Nxd4 Nf6 5. Nc3 a6 6. h3 e5 7. Nde2 Be6 8. g4 d5 9. exd5 Nxd5 10. Bg2 Bb4 11. O-O Nxc3 12. Nxc3 Nc6 13. Be3 Qa5 14. Nd5 Bxd5 15. Qxd5 Qxd5 16. Bxd5 Rd8 17. Rfd1 Nd4 18. Be4 O-O 19. c3 Bxc3 20. bxc3 Ne2+ 21. Kg2 Rxd1 22. Rxd1 Nxc3 23. Bc2 Nxd1 24. Bxd1 Rd8 25. Be2 b5 26. Kf3 f6 27. Ke4 Kf7 28. Bd3 Rc8 29. Be2 Rd8 30. g5 fxg5 31. Kxe5 Kg6 32. Bf3 b4 33. Bc6 Kh5 34. Kf5 g6+ 35. Ke6 Rc8 36. Kd7 Rf8 37. Ke7 Rc8 38. Kd7 Rf8 39. Kc7 Kh4 40. Bg2 a5 41. Bc6 Kxh3 42. Kb6 Rb8+ 43. Kc7 Rf8 44. Kb6 Rb8+ 45. Kc7 1/2-1/2

[Event "Fagernes Chess GM-Swiss 2025"]
[Site "Fagernes"]
[Date "2025.04.15"]
[Round "3.24"]
[White "Pang, Ethan"]
[Black "Simonsen, David Mindestrommen"]
[Result "1/2-1/2"]
[Annotator "RC"]
[ECO "B14"]
[WhiteElo "2257"]
[BlackElo "2034"]
[PlyCount "112"]
[EventDate "2025.04.12"]
[EventCountry "NOR"]
[SourceTitle "playchess.com"]
[Source "ChessBase"]
[SourceQuality "1"]
[TimeControl "40/6000+30:2400+30"]

1. d4 Nf6 2. Nf3 e6 3. e3 c5 4. c4 cxd4 5. exd4 d5 6. Nc3 Be7 7. b3 b6 8. Bb2 O-O 9. Bd3 Nc6 10. O-O Ba6 11. Rc1 Rc8 12. Nb5 Nb4 13. a3 Nxd3 14. Qxd3 dxc4 15. bxc4 Bxb5 16. cxb5 Qd5 17. Ne5 Bd6 18. Nc6 a6 19. a4 axb5 20. axb5 Qg5 21. Ba3 Bxa3 22. Qxa3 Ra8 23. Qb3 Nd5 24. Ra1 Rxa1 25. Rxa1 h5 26. h3 Re8 27. Qf3 g6 28. Ra7 Qc1+ 29. Kh2 Qf4+ 30. Qxf4 Nxf4 31. Ne5 Rf8 32. Nd7 Rd8 33. Nxb6 Ne2 34. Nd7 Nxd4 35. b6 Nb5 36. Rb7 Nd6 37. Rc7 Nb5 38. Nf6+ Kg7 39. Ne4 Rb8 40. Rc6 e5 41. Ng5 Nd4 42. Rd6 Nf5 43. Rc6 Nd4 44. Rc7 Rxb6 45. Rxf7+ Kg8 46. Re7 Rf6 47. f3 Nc6 48. Re8+ Kg7 49. Ne4 Rf7 50. Re6 Nd4 51. Rd6 Nf5 52. Re6 Nd4 53. Rxe5 Rxf3 54. Rd5 Rd3 55. Rd7+ Kh6 56. Rd6 h4 1/2-1/2

[Event "Fagernes Chess GM-Swiss 2025"]
[Site "Fagernes"]
[Date "2025.04.15"]
[Round "3.25"]
[White "Den Roover, Nikolay Jorgensen"]
[Black "Eliseev, Sergey"]
[Result "0-1"]
[Annotator "RC"]
[ECO "A11"]
[WhiteElo "2004"]
[BlackElo "2226"]
[PlyCount "66"]
[EventDate "2025.04.12"]
[EventCountry "NOR"]
[SourceTitle "playchess.com"]
[Source "ChessBase"]
[SourceQuality "1"]
[TimeControl "40/6000+30:2400+30"]

1. Nf3 d5 2. g3 Nf6 3. Bg2 c6 4. c4 Bg4 5. Ne5 Bf5 6. cxd5 cxd5 7. Nc3 Nc6 8. Qa4 Bd7 9. Nxd7 Qxd7 10. d3 e6 11. O-O Be7 12. Bd2 O-O 13. Rfc1 a6 14. Qd1 b5 15. a3 Rac8 16. e4 dxe4 17. dxe4 Bc5 18. Bg5 Qxd1+ 19. Nxd1 Nd4 20. Rcb1 Nb3 21. Ra2 Ng4 22. a4 h6 23. Bf4 g5 24. Ne3 Nxf2 25. Kxf2 gxf4 26. gxf4 Rfd8 27. Rg1 Rd2+ 28. Kf3 Nd4+ 29. Kg4 Ne2 30. Re1 Bxe3 31. Bf1 Nc1 32. Ra1 Nb3 33. Ra3 Bf2 0-1

[Event "Fagernes Chess GM-Swiss 2025"]
[Site "Fagernes"]
[Date "2025.04.15"]
[Round "3.26"]
[White "Brattgjerd, Isak Vinh"]
[Black "Kaewpitakkun, Pantham"]
[Result "1-0"]
[Annotator "RC"]
[ECO "C79"]
[WhiteElo "2202"]
[BlackElo "2026"]
[PlyCount "83"]
[EventDate "2025.04.12"]
[EventCountry "NOR"]
[SourceTitle "playchess.com"]
[Source "ChessBase"]
[SourceQuality "1"]
[TimeControl "40/6000+30:2400+30"]

1. e4 e5 2. Nf3 Nc6 3. Bb5 a6 4. Ba4 Nf6 5. d3 d6 6. O-O Bd7 7. c3 g6 8. Nbd2 Bg7 9. Re1 b5 10. Bc2 O-O 11. a4 Qb8 12. h3 Re8 13. Nf1 b4 14. d4 Na5 15. Ng3 c5 16. cxb4 Qxb4 17. Bd2 Qb6 18. dxc5 dxc5 19. Bxa5 Qxa5 20. Nf1 Rab8 21. Ne3 Qb4 22. Qe2 a5 23. Nc4 Nh5 24. Ra3 Nf4 25. Qf1 Be6 26. Nfd2 Rbd8 27. Rc3 Rd4 28. Bb3 Red8 29. Nf3 Rd3 30. Re3 Rxc3 31. Rxc3 Rd4 32. Ng5 Bf6 33. Nxe6 Nxe6 34. Ne3 Nf4 35. g3 c4 36. Bxc4 Nh5 37. Bd5 Qb6 38. Qc1 Bg5 39. Rc8+ Kg7 40. Rc7 Nxg3 41. Rxf7+ Kh6 42. Ng4+ 1-0

[Event "Fagernes Chess GM-Swiss 2025"]
[Site "Fagernes"]
[Date "2025.04.15"]
[Round "3.27"]
[White "Gasland, Lukas Dominik"]
[Black "Andersen, Morten"]
[Result "0-1"]
[Annotator "RC"]
[ECO "E65"]
[WhiteElo "1994"]
[BlackElo "2200"]
[PlyCount "108"]
[EventDate "2025.04.12"]
[EventCountry "NOR"]
[SourceTitle "playchess.com"]
[Source "ChessBase"]
[SourceQuality "1"]
[TimeControl "40/6000+30:2400+30"]

1. Nf3 Nf6 2. g3 g6 3. Bg2 Bg7 4. O-O c5 5. c4 O-O 6. Nc3 Nc6 7. d4 d6 8. dxc5 dxc5 9. Be3 Be6 10. Qa4 Nd4 11. Rad1 Bd7 12. Qa3 Nc2 13. Qxc5 b6 14. Qe5 Ng4 15. Qe4 Ncxe3 16. fxe3 Bxc3 17. bxc3 Nf6 18. Qh4 Rc8 19. Bh3 Qe8 20. Ng5 Bxh3 21. Rxf6 h5 22. Rf4 Bd7 23. Rfd4 Rc7 24. Qe4 Bf5 25. Qf3 Qc8 26. e4 Bg4 27. Qd3 e5 28. Rd8 Rxd8 29. Qxd8+ Qxd8 30. Rxd8+ Kg7 31. Nf3 Rxc4 32. Nxe5 Rxc3 33. Nxg4 hxg4 34. Kf2 Ra3 35. e5 Rxa2 36. Rd7 Kf8 37. Rb7 Ra5 38. Ke3 Rxe5+ 39. Kf4 Re7 40. Rb8+ Re8 41. Rb7 Re7 42. Rb8+ Kg7 43. e4 Kf6 44. Rc8 g5+ 45. Ke3 Ke5 46. Rg8 f6 47. Rb8 Rh7 48. Re8+ Kd6 49. Rf8 Ke6 50. Re8+ Re7 51. Rb8 Kd6 52. Rf8 Re6 53. Kd4 a5 54. Rb8 Kc6 0-1

[Event "Fagernes Chess GM-Swiss 2025"]
[Site "Fagernes"]
[Date "2025.04.15"]
[Round "3.28"]
[White "Lilliehook, Victor"]
[Black "Hebbar, Eshaan"]
[Result "1-0"]
[Annotator "RC"]
[ECO "C45"]
[WhiteElo "1993"]
[BlackElo "2175"]
[PlyCount "51"]
[EventDate "2025.04.12"]
[EventCountry "NOR"]
[SourceTitle "playchess.com"]
[Source "ChessBase"]
[SourceQuality "1"]
[TimeControl "40/6000+30:2400+30"]

1. e4 e5 2. Nf3 Nc6 3. d4 exd4 4. Nxd4 Bc5 5. Nb3 Bb6 6. Nc3 Nf6 7. Qe2 d6 8. Be3 O-O 9. O-O-O Re8 10. f3 Be6 11. g4 Ne5 12. Bd4 Qe7 13. Bg2 c6 14. Qf2 Bxd4 15. Nxd4 b5 16. g5 Nh5 17. f4 Nc4 18. Nxc6 Qc7 19. e5 dxe5 20. f5 Bc8 21. Nxb5 Qb7 22. Qc5 e4 23. Qxc4 Bd7 24. Nd6 Qxc6 25. Qxf7+ Kh8 26. Qxh5 1-0

[Event "Fagernes Chess GM-Swiss 2025"]
[Site "Fagernes"]
[Date "2025.04.15"]
[Round "3.29"]
[White "Haugen, Lars Tormod"]
[Black "Skaar, Ben Samuel Groth"]
[Result "1/2-1/2"]
[Annotator "RC"]
[ECO "B33"]
[WhiteElo "1988"]
[BlackElo "2167"]
[PlyCount "96"]
[EventDate "2025.04.12"]
[EventCountry "NOR"]
[SourceTitle "playchess.com"]
[Source "ChessBase"]
[SourceQuality "1"]
[TimeControl "40/6000+30:2400+30"]

1. e4 c5 2. Nf3 Nc6 3. d4 cxd4 4. Nxd4 Nf6 5. Nc3 e5 6. Ndb5 d6 7. Bg5 a6 8. Na3 b5 9. Nab1 Be7 10. Bxf6 Bxf6 11. a4 b4 12. Nd5 O-O 13. Bc4 Rb8 14. O-O Bg5 15. Qd3 a5 16. c3 bxc3 17. bxc3 Ne7 18. Na3 Be6 19. Nxe7+ Bxe7 20. Nb5 Qc8 21. Bd5 Qc5 22. Rfe1 Rbc8 23. c4 Rb8 24. Qe3 Qxe3 25. Rxe3 Bxd5 26. cxd5 Rfc8 27. Na7 Rc5 28. Nc6 Rb7 29. Ree1 f5 30. f3 Bg5 31. Reb1 Rxb1+ 32. Rxb1 fxe4 33. fxe4 Rc4 34. Nxa5 Rxa4 35. Rb8+ Kf7 36. Nb7 Ke7 37. Nd8 Rxe4 38. Ne6 Bh6 39. Rb7+ Kf6 40. Rd7 Re2 41. Nc7 Be3+ 42. Kf1 Rf2+ 43. Ke1 Rxg2 44. Ne8+ Kf5 45. Nxd6+ Kg4 46. Rxg7+ Kf3 47. Rxg2 Kxg2 48. Nf7 Kxh2 1/2-1/2

[Event "Fagernes Chess GM-Swiss 2025"]
[Site "Fagernes"]
[Date "2025.04.15"]
[Round "3.30"]
[White "Wernberg, Nikolai Olsen"]
[Black "Berget, Eirik"]
[Result "0-1"]
[Annotator "NA RC"]
[ECO "E01"]
[WhiteElo "1893"]
[BlackElo "2041"]
[PlyCount "64"]
[EventDate "2025.04.12"]
[EventCountry "NOR"]
[SourceTitle "playchess.com"]
[Source "ChessBase"]
[SourceQuality "1"]
[TimeControl "40/6000+30:2400+30"]

1. Nf3 d5 2. g3 Nc6 3. d4 Nf6 4. Bg2 e6 5. O-O Bd6 6. c4 O-O 7. Nc3 h6 8. b3 b6 9. Bb2 Bb7 10. Rc1 Qe7 11. Nb5 a6 12. Nxd6 cxd6 13. Nd2 Rac8 14. Re1 b5 15. cxd5 exd5 16. e4 Nb4 17. exd5 Rxc1 18. Qxc1 Qd7 19. Qb1 Bxd5 20. Bxd5 Nbxd5 21. Ne4 Qh3 22. Re2 Qg4 23. Nxf6+ Nxf6 24. Qd3 d5 25. Kg2 Rc8 26. h3 Qd7 27. Ba3 Ne4 28. Bb2 Rc6 29. Rc2 Rf6 30. Bc1 Rg6 31. Bf4 Qf5 32. Rd2 Qxf4 0-1

[Event "Fagernes Chess GM-Swiss 2025"]
[Site "Fagernes"]
[Date "2025.04.15"]
[Round "3.31"]
[White "Hausken, Andreas Skrede"]
[Black "Oksendal, Martin"]
[Result "0-1"]
[Annotator "RC"]
[ECO "B21"]
[WhiteElo "2002"]
[BlackElo "2250"]
[PlyCount "66"]
[EventDate "2025.04.12"]
[EventCountry "NOR"]
[SourceTitle "playchess.com"]
[Source "ChessBase"]
[SourceQuality "1"]
[TimeControl "40/6000+30:2400+30"]

1. e4 c5 2. c3 e5 3. d4 cxd4 4. cxd4 exd4 5. Nf3 Bc5 6. Bc4 Nc6 7. O-O d6 8. b4 Bb6 9. Qb3 Qe7 10. Bb2 Nf6 11. Nbd2 O-O 12. Rfe1 Ng4 13. h3 Nge5 14. Bd5 Be6 15. a4 a5 16. b5 Nb4 17. Bxd4 Bxd4 18. Nxd4 Ned3 19. Re3 Nf4 20. Bxe6 fxe6 21. Nf5 Qf6 22. Rf1 d5 23. Ng3 d4 24. Rf3 Qg5 25. Rxf4 Qxf4 26. Qxe6+ Kh8 27. Nf3 d3 28. Nf5 Qc7 29. Qb3 Qc2 30. Qe6 Qc7 31. Qb3 Rae8 32. Ng5 Qd7 33. Rd1 h6 0-1

[Event "Fagernes Chess GM-Swiss 2025"]
[Site "Fagernes"]
[Date "2025.04.15"]
[Round "3.32"]
[White "Aamodt, Peder Marcus"]
[Black "Halvorsen, Benjamin"]
[Result "1/2-1/2"]
[Annotator "RC"]
[ECO "E05"]
[WhiteElo "2242"]
[BlackElo "1966"]
[PlyCount "92"]
[EventDate "2025.04.12"]
[EventCountry "NOR"]
[SourceTitle "playchess.com"]
[Source "ChessBase"]
[SourceQuality "1"]
[TimeControl "40/6000+30:2400+30"]

1. d4 d5 2. c4 e6 3. Nf3 Nf6 4. g3 Be7 5. Bg2 O-O 6. O-O dxc4 7. Qc2 c6 8. a4 b6 9. Nbd2 Bb7 10. Nxc4 c5 11. Be3 Nbd7 12. Rfd1 Rc8 13. b3 Nd5 14. dxc5 Nxe3 15. Nxe3 Bxc5 16. Ng5 Qxg5 17. Bxb7 Rc7 18. Bg2 Qxe3 19. fxe3 Bxe3+ 20. Kf1 Rxc2 21. Rxd7 Rfc8 22. Be4 R2c7 23. Rad1 Rxd7 24. Rxd7 a5 25. Bd3 Rc1+ 26. Kg2 g6 27. Bc4 Bc5 28. h4 h5 29. Rd3 Kg7 30. Rf3 Rg1+ 31. Kh2 Rd1 32. Rd3 Rxd3 33. Bxd3 f5 34. Kg2 g5 35. hxg5 Kg6 36. e4 fxe4 37. Bxe4+ Kxg5 38. Kf3 Bb4 39. Bd3 Be1 40. Bb5 Kf5 41. Be8 h4 42. gxh4 Bxh4 43. Ke2 Ke4 44. Bb5 Kd4 45. Bc4 e5 46. Bg8 e4 1/2-1/2

[Event "Fagernes Chess GM-Swiss 2025"]
[Site "Fagernes"]
[Date "2025.04.15"]
[Round "3.33"]
[White "Ashwath Kaushik"]
[Black "Olsen, William Alexander"]
[Result "0-1"]
[Annotator "RC"]
[ECO "B32"]
[WhiteElo "1958"]
[BlackElo "2188"]
[PlyCount "54"]
[EventDate "2025.04.12"]
[EventCountry "NOR"]
[SourceTitle "playchess.com"]
[Source "ChessBase"]
[SourceQuality "1"]
[TimeControl "40/6000+30:2400+30"]

1. e4 c5 2. Nf3 Nc6 3. d4 cxd4 4. Nxd4 e5 5. Nb5 d6 6. N1c3 a6 7. Na3 Rb8 8. Nd5 Nf6 9. Bg5 b5 10. c4 Qa5+ 11. Bd2 b4 12. Nxf6+ gxf6 13. Nc2 Bh6 14. Bxh6 b3+ 15. Bd2 bxc2 16. Qxc2 Nd4 17. Qd1 Qc5 18. Rb1 f5 19. f3 fxe4 20. fxe4 Rg8 21. Be3 Rg4 22. Qd3 f5 23. exf5 Qb4+ 24. Bd2 Qb7 25. Be2 Bxf5 26. Qh3 Re4 27. Qh5+ Bg6 0-1

[Event "Fagernes Chess GM-Swiss 2025"]
[Site "Fagernes"]
[Date "2025.04.15"]
[Round "3.34"]
[White "Arvola, Daniel"]
[Black "Strand, Amund Pihl"]
[Result "1-0"]
[Annotator "NA RC"]
[ECO "B01"]
[WhiteElo "2088"]
[BlackElo "1914"]
[PlyCount "73"]
[EventDate "2025.04.12"]
[EventCountry "NOR"]
[SourceTitle "playchess.com"]
[Source "ChessBase"]
[SourceQuality "1"]
[TimeControl "40/6000+30:2400+30"]

1. e4 d5 2. exd5 Qxd5 3. Nc3 Qd8 4. d4 Nf6 5. Bc4 Bg4 6. Nf3 e6 7. h3 Bxf3 8. Qxf3 c6 9. Be3 Bd6 10. g4 Nbd7 11. O-O-O Nb6 12. Be2 Qc7 13. Rhe1 Nbd5 14. Bd2 O-O-O 15. Kb1 Nxc3+ 16. Bxc3 Nd5 17. Bd2 Bf4 18. Be3 Kb8 19. c4 Nxe3 20. fxe3 Bg5 21. Rf1 Rd7 22. Qf2 g6 23. h4 Bh6 24. Bf3 Rhd8 25. Bg2 Bg7 26. Rd3 e5 27. d5 c5 28. g5 Qd6 29. Bh3 Re7 30. e4 Rf8 31. Rf3 Rc7 32. Qe2 Re7 33. R1f2 f5 34. exf5 e4 35. f6 Ree8 36. fxg7 exf3 37. gxf8=Q 1-0